 Dungeon Crawl Stone Soup version 0.30.1-4-g462c640d31 (webtiles) character file.

Game seed: 17224475376759788976

62 ChiefBigBeans the Ducker (level 4, -1/32 HPs)
             Began as a Djinni Fire Elementalist on Sept 5, 2023.
             Was a Believer of Fedhas.
             Slain by Sigmund
             ... wielding a +0 scythe
              (7 damage)
             ... on level 2 of the Dungeon.
             The game lasted 00:05:16 (1718 turns).

ChiefBigBeans the Ducker (Djinni Fire Elementalist) Turns: 1718, Time: 00:05:17

Health: -1/32      AC:  2    Str:  7    XL:     4   Next: 28%
Gold:   76         EV: 13    Int: 19    God:    Fedhas [**....] SH:  0 Dex: 19

rFire   + + .        l - +3 dagger (venom)
rCold   x . .        (no shield)
rNeg    . . .        a - +0 robe
rPois   ∞            (no helmet)
rElec   .            (no cloak)
rCorr   .            (no gloves)
SInv    .            (boots unavailable)
Will    .....        (no amulet)
Stlth   ++           e - +6 ring of dexterity
HPRegen 0.25/turn    (no ring)
MPRegen 0.00/turn

%: infuse magic (-2 HP)
@: flying
A: sickness immunity, fire resistance 2, cold vulnerability 1, float, innate
caster, HP casting, extra vitality 1
a: Renounce Religion, Wall of Briars


You were on level 2 of the Dungeon.
You worshipped Fedhas.
Fedhas was pleased with you.
You visited 1 branch of the dungeon, and saw 2 of its levels.

You collected 76 gold pieces.

Inventory:

Hand Weapons
 l - a +3 dagger of venom (weapon)
Armour
 a - a +0 robe (worn)
Jewellery
 e - a +6 ring of dexterity (left hand)
Scrolls
 b - a scroll of amnesia {unknown}
 c - a scroll of vulnerability
 d - a scroll of immolation
 f - a scroll of identify


   Skills:
 + Level 1.4 Fighting
 + Level 0.2 Short Blades
 + Level 1.4 Armour
 + Level 2.9 Dodging
 - Level 1.5 Stealth
 + Level 2.8 Spellcasting


You knew the following spells:

 Your Spells              Type           Power      Damage    Failure   Level
a - Foxfire               Conj/Fire      52%        2x1d6     4%          1
b - Scorch                Fire           26%        2d6       8%          2
c - Volatile Blastmotes   Fire/Tloc      26%        2d12      14%         3
d - Inner Flame           Hex/Fire       13%        N/A       14%         3
e - Flame Wave            Conj/Fire      13%        2d6       43%         4
f - Sandblast             Erth           26%        2d8       4%          1
Your spell library was empty.

Dungeon Overview and Level Annotations

Branches:
Dungeon (2/15)

Altars:
Fedhas

Annotations:
D:2 Sigmund


Innate Abilities, Weirdness & Mutations

You are immune to sickness and miasma.
You are immune to poison.
Your flesh is very heat resistant. (rF++)
You are vulnerable to cold. (rC-)
You float through the air rather than walking.
You learn spells naturally, not from books.
Your magical power is your life essence.
You have superior vitality. (+4 MHP)


Message History

Sigmund, a quokka and an adder come into view.
Sigmund shouts!
The adder hisses angrily.
You conjure some foxfire!
The adder barely misses you.
You conjure some foxfire!
The foxfire hits the adder.
The adder is lightly wounded.
The foxfire hits the adder.
The adder is lightly wounded.
Sigmund gestures wildly while chanting.
Sigmund flickers and vanishes!
Deactivating autopickup; reactivate with Ctrl-A.
The adder bites you.
You conjure some foxfire!
The foxfire hits the adder.
The adder is heavily wounded.
The foxfire hits the adder.
The adder is almost dead.
The adder barely misses you. Something hits you.
You conjure some foxfire!
The foxfire hits the adder.
You kill the adder!
Fedhas appreciates your contribution to the ecosystem.
The foxfire hits something but does no damage.
Something hits you!
You are too injured to fight recklessly!
Unknown command.
You are too injured to fight recklessly!
You are too injured to fight recklessly!
You are too injured to fight recklessly!
The foxfire hits the quokka.
The quokka is lightly wounded.
The foxfire hits something.
You closely miss the quokka. The quokka barely misses you.
You hit the quokka.
The quokka is poisoned.
The quokka is moderately wounded.
The quokka barely misses you. Something hits you!
* * * LOW HITPOINT WARNING * * *
You hit the quokka.
You kill the quokka!
Fedhas appreciates your contribution to the ecosystem.
Something hits you!
You die...
Fedhas appreciates your contribution to the ecosystem.

#^....... ....
#....... #.... #......
#.... #..... .#....
#.... ...... ##...
#.÷..
##...############....
##....................
#....@..######........
#.......##.....#######
#...............###...
##......#...........##
#.......#.......######
#..<....#.............
#.......#.......#####÷
##.....##.......# #..
##...###.......####.#


There were no monsters in sight!

Vanquished Creatures
  2 adders (D:2)
  A worm (D:2)
  3 dart slugs
  3 bats
  4 endoplasms
  4 giant cockroaches
  3 goblins
  3 hobgoblins
  2 kobolds (D:2)
  A quokka (D:2)
  3 ball pythons
  2 rats (D:2)
31 creatures vanquished.

Vanquished Creatures (others)
  132 foxfires
132 creatures vanquished.

Grand Total: 163 creatures vanquished

Notes
Turn   | Place    | Note
-------+----------+-------------------------------------------
     0 | D:1      | ChiefBigBeans the Djinni Fire Elementalist began the quest
                  | for the Orb.
     0 | D:1      | ChiefBigBeans set off with the following spells memorised:
                  | Foxfire, Scorch, Volatile Blastmotes, Inner Flame, Flame
                  | Wave.
     0 | D:1      | Reached XP level 1. HP: 15/15 MP: 0/0
   165 | D:1      | Found a faded altar of an unknown god.
   165 | D:1      | Noticed a great orb of eyes
   168 | D:1      | Noticed a great orb of eyes
   168 | D:1      | Noticed a great orb of eyes
   168 | D:1      | Noticed a floating eye
   173 | D:1      | Prayed at the altar of an unknown god.
   173 | D:1      | Became a worshipper of Fedhas Madash
   173 | D:1      | Reached * piety under Fedhas
   264 | D:1      | Reached XP level 2. HP: 17/22 MP: 0/0
  1254 | D:2      | Reached skill level 1 in Fighting
  1279 | D:2      | Reached skill level 1 in Armour
  1279 | D:2      | Reached XP level 3. HP: 24/27 MP: 0/0
  1279 | D:2      | Learned a level 1 spell: Sandblast
  1440 | D:2      | Reached ** piety under Fedhas
  1534 | D:2      | Reached XP level 4. HP: 11/32 MP: 0/0
  1708 | D:2      | Noticed Sigmund
  1718 | D:2      | Slain by Sigmund

Illustrated notes

Levels and vault maps discovered:
D:1:      lemuel_arrival_tunnels, layout_basic,
          hellmonk_ecumenical_altar_watching_god
D:2:      layout_rooms, serial_shops, shop, nicolae_figureground_pulse,
          uniq_sigmund

Skill      XL: |  1  2 |
---------------+-------+-----
Fighting       | 1 |  1.4
Armour         | 1 |  1.4
Short Blades   | |  0.2
Dodging        | |  2.9
Stealth        | |  1.5
Spellcasting   | |  2.8

Action                     |  1- 3 |  4- 6 || total
---------------------------+-------+-------++-------
  Melee: Unarmed           |    24 |       ||    24
         Dagger            |     4 |     4 ||     8
   Cast: Foxfire           |    78 |     4 ||    82
    Use: Scroll            |     6 |       ||     6
         Potion            |     3 |       ||     3
 Armour: Robe              |     1 |     1 ||     2
  Dodge: Dodged            |    18 |     5 ||    23
